 Dungeon Crawl Stone Soup version 0.20-a0-449-g96be121 (webtiles) character file.

489909 terra52 the Merry Centaur (level 23, -2/194 (195) HPs)
             Began as a Centaur Hunter on Jan 7, 2017.
             Was a High Priest of Okawaru (penitent).
             Slain by a death scarab (15 damage)
             ... on level 1 of the Tomb of the Ancients on Jan 8, 2017.
             The game lasted 07:34:24 (71440 turns).

terra52 the Merry Centaur (Centaur Hunter)         Turns: 71440, Time: 07:34:25

HP:   -2/194 (195)  AC: 32    Str: 29    XL:     23   Next: 86%
MP:   44/50         EV: 10    Int: 19    God:    Okawaru [*]
Gold: 2784          SH:  0    Dex: 27    Spells: 26/49 levels left

rFire  . . .     SeeInvis .     a - +9 longbow (velocity)
rCold  + . .     Gourm    .     z - +6 chain mail of Crawling {rC- rCorr Dex+4}
rNeg   + + +     Faith    .     (shield currently unavailable)
rPois  .         Spirit   .     X - +3 hat of Pondering {ponderous, MR+ MP+10 Int+5}
rElec  .         Reflect  .     n - +2 cloak {+Inv}
rCorr  +         Harm     .     w - +2 pair of gloves {Str+3}
MR     ++++.                    u - +0 centaur barding "Wexujo" {rC+ rN+ Dex+4}
Stlth  ..........               c - amulet of the Firefly {Regen+ Int+4}
                                F - ring "Ojidghueg" {rF- rC+ rN++ Dex+8}
                                B - ring "Qiggiori" {rF+ MR++ Dex+2}

@: finesse, very slightly contaminated, hasted and slowed, repel missiles, quick
A: hooves 3, deformed body, speed 2, tough skin 3
}: 2/15 runes: serpentine, barnacled
a: Renounce Religion, Evoke Invisibility


You were on level 1 of the Tomb of the Ancients.
You worshipped Okawaru.
Okawaru was demanding penance.
You were not hungry.

You visited 11 branches of the dungeon, and saw 48 of its levels.
You also visited: Ice Cave, Wizlab and Desolation.

You collected 5937 gold pieces.
You spent 3153 gold pieces at shops.

Inventory:

Hand Weapons
 a - a +9 longbow of velocity (weapon)
 l - the +8 executioner's axe "Arbiter" {flame, rF+ MR+ Dex+3}
   (You took it off a deep elf sorcerer on level 3 of the Elven Halls)

   It has been specially enchanted to burn those struck by it, causing extra
   injury to most foes and up to half again as much damage against particularly
   susceptible opponents.
   Big, fiery blades are also staple armaments of hydra-hunters.
   It affects your dexterity (+3).
   It protects you from fire.
   It affects your resistance to hostile enchantments.
 v - the +7 longbow "Piercer" {penet, EV-2}
   (Okawaru gifted it to you on level 2 of the Shoals)

   Ammo fired by it will pass through the targets it hits, potentially hitting
   all targets in its path until it reaches maximum range.
   It affects your evasion (-2).
 I - the +6 shortbow of Bloody Death {flame, MR+ Int+3 Dex+2 SInv}
   (Okawaru gifted it to you on level 4 of the Shoals)

   It causes projectiles fired from it to burn those they strike, causing extra
   injury to most foes and up to half again as much damage against particularly
   susceptible opponents.
   It affects your intelligence (+3).
   It affects your dexterity (+2).
   It affects your resistance to hostile enchantments.
   It lets you see invisible.
Missiles
 d - 1141 arrows (quivered)
Armour
 i - the +18 shield of the Gong {rElec rN+ MR+ EV-5}
   (You took it off Asterion on level 1 of the Vaults)

   It affects your evasion (-5).
   It insulates you from electricity.
   It protects you from negative energy.
   It affects your resistance to hostile enchantments.
 n - a +2 cloak of invisibility (worn)
 q - a +3 leather armour of magic resistance
 u - the +0 centaur barding "Wexujo" (worn) {rC+ rN+ Dex+4}
   (Okawaru gifted it to you on level 1 of the Vaults)

   It affects your dexterity (+4).
   It protects you from cold.
   It protects you from negative energy.
 w - a +2 pair of gloves of strength (worn)
 z - the +6 chain mail of Crawling (worn) {rC- rCorr Dex+4}
   (You found it on level 2 of the Depths)

   It affects your dexterity (+4).
   It makes you vulnerable to cold.
   It protects you from acid and corrosion.
 L - a +4 centaur barding of flying
 X - the +3 hat of Pondering (worn) {ponderous, MR+ MP+10 Int+5}
   (You took it off Gastronok on level 9 of the Dungeon)

   It affects your intelligence (+5).
   It affects your resistance to hostile enchantments.
   It affects your magic capacity (+10).
Magical Staves
 s - an uncursed staff of summoning
Jewellery
 c - the amulet of the Firefly (around neck) {Regen+ Int+4}
   (You took it off a deep elf knight on level 3 of the Elven Halls)

   [amulet of regeneration]

   It affects your intelligence (+4).
   It increases your rate of regeneration.
 h - the ring of Zoituxes {MR+ Str+5}
   (You took it off a deep elf sorcerer on level 3 of the Elven Halls)

   [ring of protection from magic]

   It affects your strength (+5).
   It affects your resistance to hostile enchantments.
 B - the ring "Qiggiori" (left hand) {rF+ MR++ Dex+2}
   (You found it in the Desolation of Salt)

   [ring of protection from fire]

   It affects your dexterity (+2).
   It protects you from fire.
   It affects your resistance to hostile enchantments.
 F - the ring "Ojidghueg" (right hand) {rF- rC+ rN++ Dex+8}
   (You found it on level 4 of the Shoals)

   [ring of protection from cold]

   It affects your dexterity (+8).
   It makes you vulnerable to fire.
   It protects you from cold.
   It greatly protects you from negative energy.
 G - the ring "Yvugiap" {rPois rC+ Stlth+}
   (You took it off a deep elf blademaster on level 3 of the Elven Halls)

   [ring of stealth]

   It protects you from cold.
   It protects you from poison.
   It makes you more stealthy.
 R - the ring "Doqi" {+Blink rN+ Dex+2}
   (You took it off a vampire on level 3 of the Crypt)

   [ring of positive energy]

   It affects your dexterity (+2).
   It protects you from negative energy.
   It lets you blink.
Scrolls
 e - 25 scrolls of teleportation
 g - 4 scrolls of magic mapping
 j - 7 scrolls of fear
 x - 3 scrolls of summoning
 C - 5 scrolls of remove curse
 D - 3 scrolls of holy word
 E - 4 scrolls of identify
 H - a scroll of blinking
 O - 5 scrolls of fog
 U - a scroll of amnesia
Potions
 b - 9 potions of might
 m - 8 potions of ambrosia
 o - 16 potions of curing
 p - 4 potions of haste
 t - a potion of cure mutation
 A - 7 potions of flight
 K - 11 potions of heal wounds
 M - 2 potions of cancellation
 N - 6 potions of brilliance
 P - a potion of invisibility
 W - 2 potions of agility
 Y - 9 potions of resistance
 Z - a potion of magic
Books
 S - a Grand Grimoire

   Spells                             Type                      Level
   a - Monstrous Menagerie            Summoning                    7
   b - Summon Greater Demon           Summoning                    7
   c - Malign Gateway                 Summoning/Translocation      7
   d - Summon Horrible Things         Summoning                    8
Miscellaneous
 J - a fan of gales (inert)
 Q - a lightning rod (2/4)
 T - a phial of floods (inert)
 V - a lamp of fire (inert)
Comestibles
 f - 13 bread rations
 k - 39 fruits
 r - a meat ration


   Skills:
 - Level 14.0 Fighting
 O Level 27 Bows
 * Level 10.2 Armour
 + Level 6.3 Dodging
 + Level 3.9 Stealth
 + Level 13.9 Spellcasting
 + Level 2.5 Charms
 * Level 12.1 Summonings
 + Level 15.5 Translocations
 + Level 2.2 Air Magic
 + Level 8.9 Invocations
 + Level 11.6 Evocations


You had 26 spell levels left.
You knew the following spells:

 Your Spells              Type           Power        Failure   Level  Hunger
a - Call Imp              Summ           ######..     1%          2    None
b - Call Canine Familiar  Summ           ######..     1%          3    None
c - Repel Missiles        Chrm/Air       ###...       14%         2    None
d - Portal Projectile     Tloc           ######       1%          3    None
e - Passage of Golubria   Tloc           N/A          1%          4    None
f - Swiftness             Chrm/Air       ###.....     14%         2    None
g - Malign Gateway        Summ/Tloc      ######....   69%         7    #######


Dungeon Overview and Level Annotations

Branches:
Dungeon (15/15)            Temple (0/1) D:7            Lair (6/6) D:8
 Shoals (4/4) Lair:2        Snake (4/4) Lair:2        Slime (2/5) Lair:5
    Orc (2/2) D:12            Elf (3/3) Orc:2        Vaults (5/5) D:13
  Crypt (3/3) Vaults:3       Tomb (1/3) Crypt:3      Depths (3/5) D:15

Altars:
Ashenzari
Dithmenos
Elyvilon
Gozag
Hepliaklqana
Kikubaaqudgha
Nemelex Xobeh
Okawaru
Qazlal
Ru
Trog
Xom
Yredelemnul
Zin

Shops:
D:5 [   D:6 ?   D:8 =   D:13 =   D:15 }:(!   Orc:2 %*(*   Elf:2 ?[   Shoals:2 }
Snake:1 }=}   Snake:3 %   Snake:4 *   Vaults:4 :%%[[   Depths:1 *

Portals:
Hell: Depths:1 Depths:2
Pandemonium: Depths:2 Depths:3

Annotations:
D:4 terra52's ghost, amateur FoAM
Lair:1 exclusion: 2 oklob plants


Innate Abilities, Weirdness & Mutations

You have hooves in place of feet.
Armour fits poorly on your strangely shaped body.
You cover ground very quickly.
You have extremely tough skin. (AC +3)


Message History

* * * LOW HITPOINT WARNING * * *
The death scarab drains your vigour!
You feel as though you will be slow longer.
Evoke which item? (* to show all) (? for menu, Esc to quit)
You open the lid... ...and a mature weirdbat beast flies out!
The now-empty box falls apart.
The death scarab is engulfed in roaring flames.
The death scarab barely misses you.
The ancient champion is engulfed in roaring flames.
The death scarab closely misses you. The death scarab completely misses you.
The ancient champion is engulfed in roaring flames.
Evoke which item? (* to show all) (? for menu, Esc to quit)
You open the lid... ...and a mature firebat beast flies out!
The now-empty box falls apart.
The death scarab bites you.
* * * LOW HITPOINT WARNING * * *
The death scarab bites you but does no damage.
The death scarab misses you. The death scarab bites you!
You die...

#.8.§.8.# .. #.......# #..
#....≈..# #.. #.8..(8≈# #..
#...§§≈z##################..
......§§§§§..................
....8..≈8§≈§z..H..............
)............sH...............
............s@................
.............................
...⌠.⌠...†s.s...............
............................
............................
............................
............................
............................
............................


You could see an ancient champion, 4 death scarabs, a flying skull and 2
friendly mutant beasts.

Vanquished Creatures
  Khufu (Crypt:1)
  Bai Suzhen (Crypt:3)
  A golden dragon (Depths:3)
  Jory (Crypt:3)
  Nikola (Snake:2)
  A Cloud Mage (WizLab)
  2 liches
  Jorgrun (Elf:3)
  2 tentacled monstrosities (Depths:2)
  Asterion (Vaults:1)
  2 deep elf master archers (Elf:3)
  5 deep elf blademasters
  2 krakens
  4 acid blobs (Slime:2)
  Gastronok (D:9)
  5 sphinxes
  6 ancient champions
  2 tengu reavers
  Ilsuiw (Shoals:4)
  A revenant (Crypt:3)
  2 azure jellies (Slime:2)
  9 nagarajas
  2 fire giants
  4 frost giants
  6 deep elf sorcerers
  2 iron dragons
  2 imperial myrmidons (Desolation)
  14 vault wardens
  5 deep elf elementalists
  8 ghouls
  4 curse skulls
  A balrug (Depths:2)
  A caustic shrike skeleton (Crypt:2)
  4 stone giants
  A reaper (Crypt:2)
  16 ironheart preservers
  7 very ugly things
  2 entropy weavers
  11 vampire knights
  6 deep elf demonologists
  A lorocyproca (Depths:2)
  6 deep elf annihilators
  13 deep elf death magi
  2 spark wasps (Depths:3)
  5 merfolk javelineers (Shoals:4)
  3 eidola (Crypt:3)
  3 crystal guardians (Desolation)
  6 merfolk impalers
  2 ettins
  4 mummy priests (Crypt:1)
  2 fire dragons
  7 yaktaur captains
  A great orb of eyes (Vaults:2)
  3 ragged hierophants
  9 jiangshi
  19 vault guards
  A rakshasa (Depths:2)
  4 deep elf high priests (Elf:3)
  5 ice dragons
  5 hydras
  2 servants of whispers (Desolation)
  3 catoblepae
  2 spriggan air magi (WizLab)
  3 death knights
  11 naga warriors
  3 peacekeepers (Desolation)
  Erica (Lair:1)
  4 merfolk aquamancers (Shoals:4)
  11 anacondas
  13 centaur warriors
  13 ogre magi
  4 satyrs
  3 alligator snapping turtles
  A two-headed ogre (shapeshifter) (Depths:3)
  4 merfolk avatars
  31 two-headed ogres
  2 death scarabs (Tomb:1)
  2 deep troll shamans
  29 dancing weapons
  2 deep troll earth magi (Vaults:4)
  7 shock serpents
  3 death yaks (Lair:6)
  A hell hog (shapeshifter) (Vaults:2)
  12 vampire magi
  14 naga sharpshooters
  4 spriggan berserkers
  A tengu warrior (Depths:2)
  Nergalle (D:10)
  2 storm dragon zombies (Crypt:3)
  16 deep elf knights
  Urug (Lair:2)
  A soul eater (Crypt:1)
  3 hell knights
  19 skeletal warriors
  An iron troll (Depths:2)
  A salamander mystic (Snake:4)
  3 shadow wraiths
  A golden dragon zombie (Crypt:3)
  2 unseen horrors (Vaults:1)
  A ghost moth zombie (Crypt:3)
  5 naga ritualists
  17 sea snakes
  19 deep trolls
  3 shadow dragon zombies
  14 deep elf archers
  5 flayed ghosts
  A sea snake (shapeshifter) (Vaults:3)
  A tengu zombie (Depths:2)
  2 lindwurms
  11 ironbrand convokers
  2 wizards
  4 necromancers
  17 harpies
  11 phantasmal warriors
  11 orc knights
  6 mana vipers
  2 wolf spider zombies
  11 cyclopes
  7 orc sorcerers
  21 ugly things
  2 salamanders (shapeshifter)
  10 manticores
  A wolf spider (Vaults:2)
  42 deep elf magi
  13 fauns
  8 salamanders
  2 stone giant zombies
  A fire giant zombie (Vaults:4)
  14 elephants
  A black mamba (shapeshifter) (Vaults:4)
  3 frost giant zombies
  A water nymph (shapeshifter) (Depths:3)
  10 merfolk sirens
  29 black mambas
  3 centaur zombies
  8 water nymphs
  A shining eye (Slime:1)
  10 naga magi
  2 ice statues (IceCv)
  2 fire giant skeletons (Vaults:4)
  6 guardian serpents
  14 vault sentinels
  2 eyes of devastation
  9 spiny frogs
  A black draconian zombie (Crypt:1)
  A spiny frog (shapeshifter) (Vaults:4)
  A rime drake (Lair:2)
  4 gargoyles
  A white draconian zombie (Crypt:1)
  A shock serpent skeleton (Crypt:1)
  4 centaur skeletons
  9 komodo dragons
  2 human zombies (Vaults:4)
  A spriggan zombie (Depths:2)
  8 freezing wraiths
  36 yaktaurs
  A rime drake (shapeshifter) (Vaults:2)
  A hellwing (Depths:2)
  A hydra zombie (Crypt:1)
  19 trolls
  4 guardian mummies
  2 meliai
  A queen bee (D:9)
  2 jumping spiders (shapeshifter)
  29 merfolk
  A troll (shapeshifter) (Depths:2)
  A polar bear (Lair:6)
  4 hornets
  Grinder (D:4)
  45 slime creatures
  2 wind drakes (shapeshifter)
  2 bog bodies (Crypt:2)
  A moth of wrath zombie (Crypt:1)
  15 hippogriffs
  A fire dragon zombie (Crypt:3)
  An ice dragon zombie (Crypt:3)
  A jumping spider zombie (Crypt:2)
  23 blink frogs
  A death drake skeleton (Crypt:2)
  2 ettin zombies
  12 wind drakes
  A fire giant simulacrum (Vaults:4)
  11 snapping turtles
  34 saltlings
  A meliai zombie (Crypt:2)
  A tarantella (shapeshifter) (Vaults:1)
  32 air elementals
  22 vampires
  5 redbacks
  34 yaks
  An ice dragon skeleton (Crypt:1)
  5 wraiths
  3 wyverns
  11 water elementals
  A shadow (D:12)
  2 golden eyes (Slime:2)
  A human (D:8)
  10 basilisks
  3 fire elementals
  4 hogs (D:8)
  A hungry ghost (D:14)
  A yaktaur simulacrum (Vaults:2)
  Eustachio (D:6)
  13 insubstantial wisps (WizLab)
  Menkaure (D:6)
  60 nagas
  17 water moccasins
  A soldier ant (D:11)
  A hell hound (Depths:2)
  4 wargs
  An orb spider zombie (Crypt:2)
  2 floating eyes
  An infernal demonspawn skeleton (Crypt:3)
  9 porcupines
  4 hornet zombies
  9 ice beasts
  3 sky beasts
  A meliai simulacrum (D:14)
  34 orc warriors
  4 black bears
  An eye of draining (shapeshifter) (Vaults:4)
  51 ogres
  2 eyes of draining (Slime:2)
  6 necrophages
  An ogre (shapeshifter) (Vaults:4)
  5 phantoms
  5 boggarts (Vaults:1)
  13 centaurs
  12 wolves
  19 crocodiles
  A crocodile (shapeshifter) (Vaults:3)
  A swamp dragon skeleton (Crypt:2)
  A manticore skeleton (Crypt:2)
  5 big kobolds
  15 bullfrogs
  A salamander zombie (Crypt:3)
  A hippogriff skeleton (Crypt:2)
  A gnoll sergeant (D:11)
  3 earth elementals (Elf:3)
  A komodo dragon skeleton (Crypt:1)
  A human skeleton (Vaults:4)
  3 scorpions
  27 killer bees
  4 electric eels
  17 wights (D:11)
  7 howler monkeys
  A raiju skeleton (Crypt:2)
  7 crimson imps
  A quasit (D:14)
  2 bullfrog zombies
  6 jellies
  5 hounds
  A bullfrog skeleton (D:11)
  29 orc priests
  13 iguanas
  23 orc wizards
  Natasha (thrice) (D:4)
  10 worker ants
  A dwarf skeleton (Crypt:1)
  An ogre skeleton (Crypt:3)
  2 hound zombies
  2 hound skeletons
  3 mummies
  A worker ant zombie (D:8)
  11 gnolls
  23 adders
  9 shadow imps
  12 white imps (D:13)
  4 oozes (Lair:5)
  2 adder zombies
  2 adder skeletons
  2 worms
  A barachian skeleton (Crypt:1)
  2 dart slugs (D:1)
  2 leopard geckos
  96 orcs
  A bat (D:3)
  6 giant cockroaches
  9 goblins
  6 hobgoblins
  7 jackals
  4 quokkas
  10 ball pythons
  7 frilled lizards
  A gnoll zombie (Crypt:3)
  31 kobolds
  7 rats
  A river rat skeleton (Crypt:1)
  2 plants (Shoals:4)
  4 tentacles
2020 creatures vanquished.

Vanquished Creatures (collateral kills)
  A guardian mummy (Crypt:1)
  A wind drake (Lair:2)
2 creatures vanquished.

Vanquished Creatures (others)
  An eldritch tentacle (Vaults:3)
  A spriggan air mage (WizLab)
  A deep elf mage (Elf:2)
  A wind drake (WizLab)
  A naga (Snake:3)
  A human (D:10)
  An orc (Elf:1)
  A butterfly (Lair:5)
  2 fungi
  16 plants
  20 tentacles
46 creatures vanquished.

Grand Total: 2068 creatures vanquished

Notes
Turn   | Place    | Note
-------+----------+-------------------------------------------
     0 | D:1      | terra52 the Centaur Hunter began the quest for the Orb.
     0 | D:1      | Reached XP level 1. HP: 17/17 MP: 1/1
     6 | D:1      | Noticed a polar bear
     6 | D:1      | Noticed an iguana
     6 | D:1      | Noticed a salamander
     7 | D:1      | Noticed a worker ant
     7 | D:1      | Noticed a hog
   203 | D:1      | Reached XP level 2. HP: 22/24 MP: 2/2
   220 | D:1      | Reached skill level 6 in Bows
   573 | D:1      | Reached XP level 3. HP: 26/29 MP: 3/3
  1068 | D:2      | Found a stormy altar of Qazlal.
  1842 | D:3      | Reached skill level 7 in Bows
  1889 | D:3      | Reached XP level 4. HP: 36/37 MP: 4/4
  2383 | D:3      | Reached XP level 5. HP: 43/44 MP: 5/5
  2536 | D:3      | Reached skill level 8 in Bows
  2628 | D:4      | Noticed terra52's ghost (amateur FoAM)
  2680 | D:4      | Found a shimmering altar of Xom.
  2680 | D:4      | Found an opulent altar of Gozag.
  2680 | D:4      | Found an iron altar of Okawaru.
  2680 | D:4      | Found an ancient bone altar of Kikubaaqudgha.
  2680 | D:4      | Found a sparkling altar of Nemelex Xobeh.
  2680 | D:4      | Found a bloodstained altar of Trog.
  2680 | D:4      | Found a shattered altar of Ashenzari.
  2715 | D:4      | Became a worshipper of Warmaster Okawaru
  2728 | D:4      | Noticed a phantom
  2813 | D:4      | Killed a phantom
  2813 | D:4      | Reached XP level 6. HP: 37/51 MP: 6/6
  2938 | D:4      | Reached skill level 1 in Armour
  3115 | D:4      | Noticed Natasha
  3127 | D:4      | Killed Natasha
  3127 | D:4      | Reached skill level 9 in Bows
  3234 | D:4      | Reached * piety under Okawaru
  3320 | D:4      | Noticed Grinder
  3680 | D:3      | Reached XP level 7. HP: 33/58 MP: 7/7
  4164 | D:4      | Noticed Natasha
  4171 | D:4      | Killed Natasha
  4310 | D:4      | Paralysed by Grinder for 2 turns
  4319 | D:4      | Paralysed by Grinder for 3 turns
  4404 | D:4      | Killed Grinder
  4404 | D:4      | Reached skill level 10 in Bows
  4490 | D:4      | Noticed Natasha
  4493 | D:4      | Killed Natasha
  5174 | D:5      | Entered Level 5 of the Dungeon
  5287 | D:5      | Reached skill level 5 in Fighting
  5287 | D:5      | Reached XP level 8. HP: 68/68 MP: 8/8
  5311 | D:5      | Reached skill level 11 in Bows
  5399 | D:5      | Found Iregacomp's Antique Armour Emporium.
  5477 | D:5      | Bought a dull robe for 136 gold pieces
  5487 | D:5      | Identified the cursed +1 robe of Zuasucaf {+Blink rPois rC- Str+4} (You bought it in a shop on level 5 of the Dungeon)
  5529 | D:5      | Found a shadowy altar of Dithmenos.
  5892 | D:6      | Noticed Menkaure
  5898 | D:6      | Killed Menkaure
  6102 | D:6      | Reached skill level 12 in Bows
  6282 | D:6      | Noticed Eustachio
  6294 | D:6      | Killed Eustachio
  6294 | D:6      | Reached ** piety under Okawaru
  6557 | D:6      | Found Tajeutum's Magic Scroll Emporium.
  6662 | D:6      | Found a glowing silver altar of Zin.
  6666 | D:6      | Found a white marble altar of Elyvilon.
  6853 | D:7      | Reached skill level 13 in Bows
  6853 | D:7      | Reached XP level 9. HP: 77/77 MP: 9/9
  7237 | D:7      | Found a staircase to the Ecumenical Temple.
  7297 | D:7      | Reached *** piety under Okawaru
  7966 | D:8      | Reached skill level 1 in Invocations
  8059 | D:8      | Found a staircase to the Lair.
  8113 | D:8      | Reached skill level 14 in Bows
  8195 | D:8      | Reached **** piety under Okawaru
  8195 | D:8      | Received a gift from Okawaru
  8420 | D:8      | Found Boqo's Jewellery Shoppe.
  8523 | D:8      | Reached XP level 10. HP: 88/88 MP: 11/11
  8699 | D:8      | Reached skill level 1 in Stealth
  8703 | D:8      | Received a gift from Okawaru
  8703 | D:8      | Reached skill level 15 in Bows
  8935 | Lair:1   | Entered Level 1 of the Lair of Beasts
  9232 | Lair:1   | Reached ***** piety under Okawaru
  9251 | Lair:1   | Received a gift from Okawaru
  9510 | Lair:1   | Reached skill level 16 in Bows
  9618 | Lair:1   | Noticed an oklob plant
  9618 | Lair:1   | Noticed an oklob plant
  9714 | Lair:1   | Reached skill level 10 in Fighting
  9776 | Lair:1   | Noticed Erica
  9798 | Lair:1   | Killed Erica
  9798 | Lair:1   | Received a gift from Okawaru
  9798 | Lair:1   | Reached XP level 11. HP: 93/100 MP: 9/12
  9945 | Lair:1   | Received a gift from Okawaru
  9949 | Lair:1   | Got a brightly glowing shortbow {god gift}
  9950 | Lair:1   | Identified the +4 shortbow "Keriteula" {freeze, Str+3} (Okawaru gifted it to you on level 1 of the Lair of Beasts)
 10379 | D:9      | Learned a level 2 spell: Call Imp
 10425 | D:9      | Noticed Gastronok
 10440 | D:9      | Killed Gastronok
 10462 | D:9      | Learned a level 3 spell: Call Canine Familiar
 10488 | D:9      | Found a hazy altar of Hepliaklqana.
 10915 | D:9      | Reached skill level 17 in Bows
 11109 | D:9      | Reached skill level 1 in Summonings
 11311 | Lair:2   | Reached skill level 1 in Spellcasting
 11361 | Lair:2   | Received a gift from Okawaru
 11483 | Lair:2   | Found a white marble altar of Elyvilon.
 11486 | Lair:2   | Reached ****** piety under Okawaru
 11766 | Lair:2   | Found a staircase to the Snake Pit.
 11804 | Lair:2   | Noticed Urug
 11811 | Lair:2   | Killed Urug
 11811 | Lair:2   | Reached XP level 12. HP: 96/112 MP: 15/15
 11904 | Lair:2   | Noticed a catoblepas
 11934 | Lair:2   | Killed a catoblepas
 11934 | Lair:2   | Received a gift from Okawaru
 12073 | Lair:2   | Found a staircase to the Shoals.
 12082 | Shoals:1 | Entered Level 1 of the Shoals
 12092 | Shoals:1 | Reached skill level 18 in Bows
 12199 | Lair:2   | Reached skill level 5 in Invocations
 12895 | Snake:1  | Entered Level 1 of the Snake Pit
 13149 | Snake:1  | Noticed a naga warrior
 13166 | Snake:1  | Killed a naga warrior
 13207 | Snake:1  | Received a gift from Okawaru
 13208 | Snake:1  | Noticed an anaconda
 13685 | D:10     | Entered Level 10 of the Dungeon
 13798 | D:6      | Bought a scroll of enchant weapon for 105 gold pieces
 13798 | D:6      | Bought a scroll of random uselessness for 14 gold pieces
 14013 | D:10     | Noticed Nergalle
 14017 | D:10     | Killed Nergalle
 14034 | D:10     | Found an ancient bone altar of Kikubaaqudgha.
 14180 | D:10     | Reached skill level 19 in Bows
 14186 | D:10     | Received a gift from Okawaru
 15002 | Lair:3   | Reached XP level 13. HP: 122/122 MP: 17/17
 15146 | Lair:3   | Received a gift from Okawaru
 15149 | Lair:3   | Got a crude centaur barding {god gift}
 15155 | Lair:3   | Identified the +2 centaur barding "Plog" {Dex+2} (Okawaru gifted it to you on level 3 of the Lair of Beasts)
 16044 | Lair:4   | Reached skill level 20 in Bows
 17376 | D:11     | Found a sacrificial altar of Ru.
 17607 | D:11     | Got a scorched falchion
 17608 | D:11     | Identified the +3 falchion "Foank" {slice, rPois rC+ MP-9 Str+3 Dex+7} (You found it on level 11 of the Dungeon)
 17624 | D:11     | Learned a level 2 spell: Repel Missiles
 17982 | D:12     | Received a gift from Okawaru
 18220 | D:12     | Reached skill level 21 in Bows
 18318 | D:12     | Received a gift from Okawaru
 18321 | D:12     | Got an encrusted centaur barding {god gift}
 18332 | D:12     | Identified the +2 centaur barding of the Nightingale {rN++} (Okawaru gifted it to you on level 12 of the Dungeon)
 18428 | D:12     | Found a staircase to the Orcish Mines.
 18447 | Orc:1    | Entered Level 1 of the Orcish Mines
 18826 | Orc:2    | Entered Level 2 of the Orcish Mines
 18826 | Orc:2    | Found Ziohyati's Food Emporium.
 18842 | Orc:1    | Reached XP level 14. HP: 87/130 MP: 18/18
 19830 | Lair:5   | Found a staircase to the Slime Pits.
 19866 | Lair:5   | Gained mutation: You are surrounded by a mild repulsion field. (EV +2) [potion of beneficial mutation]
 20202 | Lair:5   | Received a gift from Okawaru
 20468 | Snake:1  | Reached skill level 22 in Bows
 20523 | Snake:1  | Found Desh's Gadget Emporium.
 20524 | Snake:1  | Found Reixkie's Jewellery Shop.
 20526 | Snake:1  | Found Rekysul's Gadget Emporium.
 20541 | Snake:1  | Bought a phial of floods for 600 gold pieces
 20718 | Snake:1  | Got a faintly glowing leather armour
 20742 | Snake:1  | Identified the cursed +1 leather armour "Vuiwo" {Int+3} (You found it on level 1 of the Snake Pit)
 21345 | Snake:2  | Reached skill level 23 in Bows
 21698 | D:13     | Found Mavuras's Jewellery Shoppe.
 21727 | D:13     | Found a frozen archway.
 21758 | IceCv    | Entered an ice cave
 21813 | IceCv    | Received a gift from Okawaru
 22190 | D:13     | Found a gate to the Vaults.
 22204 | D:13     | Received a gift from Okawaru
 22253 | D:13     | Reached XP level 15. HP: 127/138 MP: 19/19
 23396 | Lair:6   | Entered Level 6 of the Lair of Beasts
 23545 | Lair:2   | Reached skill level 24 in Bows
 23578 | Shoals:1 | Identified the Grimoire of Dusty Translocation
 23588 | Shoals:1 | Learned a level 3 spell: Portal Projectile
 23803 | Shoals:1 | Received a gift from Okawaru
 24110 | Shoals:1 | Noticed a kraken
 24142 | Shoals:1 | Killed a kraken
 24142 | Shoals:1 | Received a gift from Okawaru
 24640 | Shoals:1 | Reached skill level 1 in Translocations
 24729 | Shoals:2 | Found Ygiaraj's Gadget Shoppe.
 24789 | Shoals:2 | Bought a fan of gales for 680 gold pieces
 24965 | Shoals:2 | Received a gift from Okawaru
 25724 | Shoals:2 | Reached skill level 1 in Air Magic
 25834 | Shoals:2 | Noticed a kraken
 25867 | Shoals:2 | Killed a kraken
 26183 | Shoals:2 | Reached skill level 1 in Evocations
 26414 | Shoals:3 | Reached skill level 25 in Bows
 26758 | Shoals:3 | Received a gift from Okawaru
 27514 | Shoals:4 | Entered Level 4 of the Shoals
 27578 | Shoals:4 | Identified the Collected Works on Combat Magic
 27841 | Slime:1  | Entered Level 1 of the Pits of Slime
 28241 | Lair:6   | Reached XP level 16. HP: 146/146 MP: 16/21
 28928 | Lair:6   | Got a warped shortbow
 28929 | Lair:6   | Identified the +1 shortbow of Wariness {speed, rPois rN+ Str+5 Dex-3} (You found it on level 6 of the Lair of Beasts)
 29327 | Snake:2  | Received a gift from Okawaru
 29593 | Snake:2  | Reached skill level 5 in Spellcasting
 29596 | Snake:2  | Reached skill level 5 in Translocations
 29859 | Snake:2  | Received a gift from Okawaru
 30553 | Snake:2  | Noticed Nikola
 30570 | Snake:2  | Killed Nikola
 30795 | Snake:3  | Found Jiasm's Food Shop.
 32057 | Lair:6   | Reached skill level 26 in Bows
 32542 | Orc:2    | Found a bloodstained altar of Trog.
 32580 | Orc:2    | Found Poigg's General Store.
 33037 | Orc:2    | Received a gift from Okawaru
 33113 | Orc:2    | Found Wosat's Weapon Boutique.
 33181 | Orc:2    | Found Naukhlooj's Assorted Antiques.
 33204 | Orc:2    | Reached XP level 17. HP: 86/152 MP: 8/27
 33519 | Orc:2    | Found a staircase to the Elven Halls.
 33594 | Orc:2    | Bought a pair of glowing gloves for 388 gold pieces
 34455 | D:14     | Found a sparkling altar of Nemelex Xobeh.
 34780 | D:14     | Received a gift from Okawaru
 34827 | D:14     | Received a gift from Okawaru
 35328 | D:15     | Entered Level 15 of the Dungeon
 35341 | D:15     | Found Niaffaim's Distillery.
 35446 | D:15     | Found Adumaq's Antique Weapon Boutique.
 35772 | D:15     | Found Yfroh's Gadget Emporium.
 35775 | D:15     | Bought a lamp of fire for 560 gold pieces
 35845 | D:15     | Found a staircase to the Depths.
 35905 | D:15     | Found Rebay's Book Emporium.
 36056 | Depths:1 | Entered Level 1 of the Depths
 36059 | Depths:1 | Received a gift from Okawaru
 36284 | Depths:1 | Noticed a lich
 36290 | Depths:1 | Killed a lich
 36295 | Depths:1 | Received a gift from Okawaru
 36553 | Elf:1    | Entered Level 1 of the Elven Halls
 37069 | Shoals:4 | Received a gift from Okawaru
 37177 | Shoals:4 | Got a dazzling shortbow {god gift}
 37178 | Shoals:4 | Identified the +6 shortbow of Bloody Death {flame, MR+ Int+3 Dex+2 SInv} (Okawaru gifted it to you on level 4 of the Shoals)
 37184 | Shoals:4 | Noticed Ilsuiw
 37192 | Shoals:4 | Reached skill level 1 in Charms
 38211 | Shoals:4 | Got a barnacled rune of Zot
 38468 | Shoals:4 | Reached skill level 5 in Dodging
 38479 | Shoals:4 | Received a gift from Okawaru
 38505 | Shoals:4 | Got a brightly glowing platinum ring
 38507 | Shoals:4 | Identified the ring of Heoden {rPois Int+4} (You found it on level 4 of the Shoals)
 38962 | Shoals:4 | Got a transparent pewter ring
 38964 | Shoals:4 | Identified the ring "Ojidghueg" {rF- rC+ rN++ Dex+8} (You found it on level 4 of the Shoals)
 39395 | Shoals:4 | Killed Ilsuiw
 39737 | Vaults:1 | Entered Level 1 of the Vaults
 39869 | Vaults:1 | Found a hazy altar of Hepliaklqana.
 39875 | Vaults:1 | Got a pitted shortbow
 39876 | Vaults:1 | Identified the +4 shortbow of the Genius {venom, rElec Int+4} (You found it on level 1 of the Vaults)
 39997 | Vaults:1 | Received a gift from Okawaru
 39997 | Vaults:1 | Reached XP level 18. HP: 160/160 MP: 30/30
 40028 | Vaults:1 | Got a fine centaur barding {god gift}
 40039 | Vaults:1 | Identified the +0 centaur barding "Wexujo" {rC+ rN+ Dex+4} (Okawaru gifted it to you on level 1 of the Vaults)
 40220 | Vaults:1 | Noticed Asterion
 40250 | Vaults:1 | Killed Asterion
 40717 | Vaults:1 | Reached skill level 5 in Evocations
 40956 | Vaults:1 | Reached skill level 10 in Translocations
 41041 | Vaults:1 | Reached skill level 27 in Bows
 41815 | Depths:1 | Found Xiefamae's Demolitions Depot.
 42128 | Depths:1 | Found a gateway to Hell.
 42168 | Depths:1 | Received a gift from Okawaru
 42476 | Depths:2 | Got an ancient dagger
 42477 | Depths:2 | Identified the +7 dagger of Distripn {chaos, *Noise +Rage rN+ Int+5} (You found it on level 2 of the Depths)
 42907 | Depths:2 | Got an ancient chain mail
 42908 | Depths:2 | Identified the +6 chain mail of Crawling {rC- rCorr Dex+4} (You found it on level 2 of the Depths)
 43103 | Depths:2 | Noticed a tentacled monstrosity
 43130 | Depths:2 | Killed a tentacled monstrosity
 43130 | Depths:2 | Received a gift from Okawaru
 43178 | Depths:2 | Reached skill level 5 in Summonings
 43305 | Depths:2 | Received a gift from Okawaru
 43490 | Depths:2 | Noticed a tentacled monstrosity
 43496 | Depths:2 | Killed a tentacled monstrosity
 43566 | Depths:2 | Found a one-way gate leading to the halls of Pandemonium.
 43659 | Depths:2 | Received a gift from Okawaru
 43659 | Depths:2 | Reached XP level 19. HP: 167/167 MP: 32/32
 44634 | Depths:3 | Noticed a golden dragon
 44649 | Depths:3 | Killed a golden dragon
 45349 | Snake:3  | Reached skill level 10 in Spellcasting
 45959 | Snake:4  | Entered Level 4 of the Snake Pit
 46062 | Snake:4  | Found Cutal's General Store.
 46960 | Snake:4  | Received a gift from Okawaru
 47261 | Snake:4  | Received a gift from Okawaru
 47277 | Snake:4  | Got a serpentine rune of Zot
 48462 | Slime:1  | Received a gift from Okawaru
 48730 | Slime:2  | Received a gift from Okawaru
 48733 | Slime:2  | Got a pair of polished gloves {god gift}
 48752 | Slime:2  | Identified the +0 pair of gloves of the Teacher {rC+} (Okawaru gifted it to you on level 2 of the Pits of Slime)
 49278 | Slime:1  | Gained mutation: Scrolls take you a little longer to read. [a shining eye]
 49729 | Depths:3 | Reached XP level 20. HP: 45/174 MP: 14/34
 51689 | Vaults:2 | Got a slimy great mace
 51690 | Vaults:2 | Identified the +6 great mace of the Final Chapter {venom, rElec} (You found it on level 2 of the Vaults)
 51716 | Vaults:2 | Received a gift from Okawaru
 51959 | Vaults:3 | Received a gift from Okawaru
 52412 | Vaults:3 | Received a gift from Okawaru
 52663 | Vaults:3 | Identified a scroll of acquirement
 52791 | Vaults:3 | Received a gift from Okawaru
 52808 | Vaults:3 | Reached skill level 5 in Armour
 53544 | Vaults:3 | Found an ancient bone altar of Kikubaaqudgha.
 53548 | Vaults:3 | Found a staircase to the Crypt.
 53549 | Vaults:3 | Found a basalt altar of Yredelemnul.
 53570 | Vaults:3 | Got a scorched shield
 53577 | Vaults:3 | Identified the +0 shield "Bireina" {rElec rN++ MP-9 SInv} (You acquired it on level 3 of the Vaults)
 53600 | Crypt:1  | Entered Level 1 of the Crypt
 54223 | Vaults:4 | Found Buschouq's Food Emporium.
 54223 | Vaults:4 | Found Diwareto's Armour Emporium.
 54508 | Vaults:4 | Reached XP level 21. HP: 146/181 MP: 0/36
 54992 | Vaults:4 | Received a gift from Okawaru
 55171 | Vaults:4 | Received a gift from Okawaru
 55466 | Vaults:4 | Received a gift from Okawaru
 55486 | Vaults:4 | Found Enoegoot's Food Shoppe.
 55492 | Vaults:4 | Got a steaming chain mail
 55503 | Vaults:4 | Identified the cursed +1 chain mail of the Seven Hells {Int+3} (You found it on level 4 of the Vaults)
 55609 | Vaults:4 | Received a gift from Okawaru
 56054 | Vaults:4 | Found Lesaykh's Book Shop.
 56274 | Vaults:4 | Found Isoymux's Armour Shoppe.
 56424 | Vaults:5 | Entered Level 5 of the Vaults
 57037 | Elf:1    | Found an ancient bone altar of Kikubaaqudgha.
 57296 | Elf:1    | Reached skill level 10 in Evocations
 57803 | Elf:2    | Found a ruined gateway.
 57807 | Desolati | Entered the Desolation of Salt
 58083 | Desolati | Identified the Compendium of Blows and Bruises
 58146 | Desolati | Got a translucent long sword {venom}
 58242 | Desolati | Identified the Tome of Displaced Envenoming
 58253 | Desolati | Got a clouded steel ring
 58256 | Desolati | Identified the ring "Qiggiori" {rF+ MR++ Dex+2} (You found it in the Desolation of Salt)
 58623 | Desolati | Got a scorched scale mail
 58634 | Desolati | Identified the cursed +0 scale mail of the Onion {-Tele rElec MR+ Dex+2} (You found it in the Desolation of Salt)
 58750 | Elf:1    | Reached skill level 10 in Summonings
 58966 | D:6      | Identified the +6 long sword of the Common Good {venom, rElec rC+ rN+ Int-3} (You took it off a ragged hierophant in the Desolation of Salt)
 58971 | D:6      | Bought a scroll of remove curse for 42 gold pieces
 59331 | Elf:1    | Received a gift from Okawaru
 59417 | Elf:2    | Found Poibuu's Antique Armour Boutique.
 59417 | Elf:2    | Found Cetuoteq's Magic Scroll Shop.
 59429 | Elf:2    | Bought an encrusted scale mail for 162 gold pieces
 59429 | Elf:2    | Bought a pair of glowing gloves for 189 gold pieces
 59431 | Elf:2    | Identified the cursed +1 scale mail "Koedidgh" {rElec} (You bought it in a shop on level 2 of the Elven Halls)
 59443 | Elf:2    | Bought a scroll of remove curse for 48 gold pieces
 59443 | Elf:2    | Bought a scroll of remove curse for 48 gold pieces
 59443 | Elf:2    | Bought a scroll of remove curse for 48 gold pieces
 59483 | Elf:2    | Found a runed gate.
 59483 | Elf:2    | Found a runed gate.
 59484 | Elf:2    | Found a runed gate.
 59674 | Elf:2    | Received a gift from Okawaru
 59791 | Elf:2    | Reached XP level 22. HP: 133/189 MP: 25/38
 60285 | Elf:2    | Received a gift from Okawaru
 60320 | Elf:2    | Got a ripped robe {god gift}
 60468 | Elf:2    | Identified the +0 robe of the Merchant {-Cast rPois Int+4} (Okawaru gifted it to you on level 2 of the Elven Halls)
 60484 | Elf:3    | Entered Level 3 of the Elven Halls
 61034 | Elf:3    | Noticed Jorgrun
 61070 | Elf:3    | Killed Jorgrun
 61231 | Elf:2    | Lost mutation: Scrolls take you a little longer to read. [potion of cure mutation]
 61231 | Elf:2    | Lost mutation: You are surrounded by a mild repulsion field. (EV +2) [potion of cure mutation]
 61871 | Elf:3    | Got a warped bronze ring
 61876 | Elf:3    | Got a brightly glowing executioner's axe {flame}
 61877 | Elf:3    | Identified the +8 executioner's axe "Arbiter" {flame, rF+ MR+ Dex+3} (You took it off a deep elf sorcerer on level 3 of the Elven Halls)
 61878 | Elf:3    | Identified the ring of Zoituxes {MR+ Str+5} (You took it off a deep elf sorcerer on level 3 of the Elven Halls)
 61943 | Elf:3    | Got a fine lead ring
 61944 | Elf:3    | Identified the ring "Yvugiap" {rPois rC+ Stlth+} (You took it off a deep elf blademaster on level 3 of the Elven Halls)
 62052 | Elf:3    | Identified the Reference Book on Twisted Air
 62057 | Elf:3    | Identified Cejaeg's Tome of Displaced Augmentations
 62111 | Elf:3    | Got a fine ring mail
 62122 | Elf:3    | Identified the +2 ring mail of Crawling {rC+ rCorr Str-3 Int+3} (You found it on level 3 of the Elven Halls)
 62144 | Elf:3    | Got an ichor-stained falchion
 62145 | Elf:3    | Identified the +8 falchion "Xaappub" {freeze, rC+ MP+9} (You found it on level 3 of the Elven Halls)
 62189 | Elf:3    | Got an ebony rapier
 62190 | Elf:3    | Identified the +6 rapier of Fate {pierce, rC++ rN+} (You found it on level 3 of the Elven Halls)
 62212 | Elf:3    | Got a vibrating zirconium amulet
 62213 | Elf:3    | Identified the amulet of the Firefly {Regen+ Int+4} (You took it off a deep elf knight on level 3 of the Elven Halls)
 62232 | Elf:3    | Got a transparent quarterstaff {crush}
 62233 | Elf:3    | Identified the +8 quarterstaff "Grim Tooth" {crush, rN+ MR+ Dex+2 SInv} (You took it off a deep elf knight on level 3 of the Elven Halls)
 62463 | Elf:3    | Received a gift from Okawaru
 63002 | Vaults:3 | Learned a level 4 spell: Passage of Golubria
 64175 | Crypt:1  | Noticed Khufu
 64187 | Crypt:1  | Killed Khufu
 64810 | Crypt:2  | Reached XP level 23. HP: 195/195 MP: 40/40
 64891 | Crypt:2  | Found a magical portal.
 64900 | WizLab   | Entered The Chambers of the Cloud Mage
 65692 | WizLab   | Identified the Almanac of Feathers
 65705 | WizLab   | Identified Sif Muna's Collected Works on Lightness
 66140 | Crypt:2  | Received a gift from Okawaru
 66432 | Crypt:2  | Got a fine shortbow
 66433 | Crypt:2  | Identified the +7 shortbow "Oriol" {freeze, SInv} (You found it on level 2 of the Crypt)
 66946 | Crypt:2  | Learned a level 2 spell: Swiftness
 67256 | Vaults:3 | Learned a level 7 spell: Malign Gateway
 67353 | Crypt:3  | Entered Level 3 of the Crypt
 67466 | Crypt:3  | Reached skill level 15 in Translocations
 68553 | Crypt:3  | Found a staircase to the Tomb.
 68618 | Crypt:3  | Noticed Jory
 68627 | Crypt:3  | Killed Jory
 68825 | Crypt:3  | Noticed Bai Suzhen
 68835 | Crypt:3  | Killed Bai Suzhen
 68992 | Crypt:3  | Reached skill level 10 in Armour
 69155 | Crypt:3  | Got a slimy golden ring
 69157 | Crypt:3  | Identified the ring "Doqi" {+Blink rN+ Dex+2} (You took it off a vampire on level 3 of the Crypt)
 69275 | Crypt:3  | Identified the Papyrus of Dark Secrets
 70381 | Orc:2    | Bought a scroll of enchant armour for 105 gold pieces
 70381 | Orc:2    | Bought a scroll of identify for 28 gold pieces
 71248 | Tomb:1   | Entered Level 1 of the Tomb of the Ancients
 71435 | Tomb:1   | Was placed under penance by Okawaru
 71440 | Tomb:1   | Slain by a death scarab

Vault maps used:
D:1:      onia_arrival_zoo_common
D:2:      grunt_qazlal_clouds, guppyfry_early_lair_pool
D:3:      kennysheep_crisscross, minivault_4, lemuel_old_faithful
D:4:      cheibrodos_thug_alley, grunt_temple_overflow_open, uniq_natasha,
          uniq_grinder
D:5:      nicolae_dithmenos_shadow_blocks, first_bread, serial_shops, shop,
          minmay_holes
D:6:      minitemple, serial_shops, shop, uniq_menkaure, uniq_eustachio
D:7:      kennysheep_six_static_rooms
D:8:      lair_entry_dummy, serial_shops, nicolae_shop_trees, grunt_livestock,
          minmay_statues_item
D:9:      nicolae_overflow_crystal_walls, uniq_gastronok
D:10:     tgw_kikubaaqudgha, uniq_nergalle
D:11:     nicolae_ru_awakened_eye
D:12:     orc_0_dummy
D:13:     erik_vaults_2, portal_ice_cave_entry_imps, serial_shops,
          nicolae_shop_behind_doors
D:14:     minmay_connected_boxes_in_corner, basic_altar, nrook_mini_backslash,
          hangedman_decor_growths, stair_cage_wide
D:15:     grunt_enter_depths_snipers, minmay_misc_feat_secret_circle,
          serial_shops, shop, nicolae_shop_statue_plus,
          nicolae_shop_behind_doors, shop
Lair:1:   st_stairs_11, minmay_lair_oklob_chamber, serial_bayou_shore_b,
          uniq_erica
Lair:2:   beast_lair_carwin_large_4, shoals_dummy_entry,
          guppyfry_snake_entry_island, basic_altar, serial_forest,
          infiniplex_forest_clump_long, infiniplex_forest_straight_3,
          infiniplex_forest_clump_tiny, infiniplex_forest_corner_1,
          infiniplex_forest_join, infiniplex_forest_clump_long,
          infiniplex_forest_clump_double, uniq_urug
Lair:3:   st_stairs_3, beast_lair_carwin_9, grunt_megastairs_4,
          infiniplex_staircase_pool_2
Lair:4:   beast_lair_carwin_11, lemuel_fruit_fields
Lair:5:   nicolae_slime_entry_slimehenge, small_statue_intersection,
          grunt_megastairs_2, lemuel_fruit_fields
Lair:6:   grunt_lair_end_beastmaster
Shoals:1: nicolae_shoals_siren_and_animal_friends
Shoals:2: serial_shops, nicolae_shop_stone, nicolae_shoals_circle_sea_wall
Shoals:4: shoals_end_simple, shoals_ilsuiw_ice
Snake:1:  serial_bayou_shore_a, serial_bayou_shore_b, minmay_shop_grove
Snake:2:  corexii_hall_statues_u, serial_bayou_pond_b, st_stairs_5,
          grunt_ministairs_6, nicolae_snake_springs, grunt_megastairs_1,
          uniq_nikola
Snake:3:  minmay_snake_river, serial_shops,
          nicolae_shop_temple_entry_statues_fountains
Snake:4:  minmay_snake_end_coiled, serial_shops, shop
Orc:2:    st_orc_open, basic_altar, nicolae_volcano_entry_vermiform
Elf:1:    basic_altar, orc_legates
Elf:2:    portal_desolation_entry_salt, roderic_three_in_a_row, minmay_shoptagon
Elf:3:    minmay_elf_hall_statues, uniq_jorgrun
Vaults:1: hangedman_vaults_variations, vaults_dpeg_hooks,
          hangedman_vaults_pinch, vaults_dpeg_cross,
          nicolae_vaults_circle_grid_b, vaults_room_door_ring,
          vaults_dpeg_doors, v_misc_15, grunt_vaults_diagonal, kb_rosetta,
          grunt_vaults_funnel, v_misc_27, hangedman_vaults_hat, basic_altar,
          uniq_asterion
Vaults:2: nicolae_vaults_theta, vaults_dpeg_encased_lava,
          ontoclasm_vaults_loading_screen, vaults_room_fancy_cross, v_misc_19,
          vaults_mumra_minichess, vaults_room_ringed_pool,
          nicolae_vaults_little_squares_2, nicolae_vaults_network_square,
          ontoclasm_vaults_shuriken
Vaults:3: nicolae_vaults_network_quinsquares, st_hourglassy,
          minmay_crypt_entry_necro_gods, v_alt_pattern_4,
          ontoclasm_vaults_fault, v_misc_1, ontoclasm_vaults_eye,
          nicolae_vaults_mini_display_case, nicolae_vaults_big_ls,
          hangedman_vaults_capsules, nicolae_vaults_asterisk,
          nicolae_vaults_little_squares_3, nicolae_vaults_little_squares_5,
          v_misc_23, ontoclasm_vaults_hangar
Vaults:4: grunt_vaults_swirl, nicolae_vaults_network_periphery,
          nicolae_vaults_circle_grid_b, nicolae_vaults_little_squares_4,
          ontoclasm_vaults_tryst, hangedman_vaults_corner_blocks,
          nicolae_vaults_shelves_hall, ontoclasm_vaults_decontamination,
          ontoclasm_vaults_ring_small, ontoclasm_vaults_shout,
          vaults_room_door_hall, v_misc_30, nicolae_vaults_angled_halls,
          ontoclasm_vaults_chip, nicolae_vaults_circle_grid_a, serial_shops,
          shop_statue, shop, nicolae_shop_trees, shop, shop
Vaults:5: serial_shops, uniq_margery, uniq_mara
Crypt:1:  ragdoll_tomb_raider
Crypt:2:  mu_enter_wizlab_3
Crypt:3:  due_elkab, uniq_bai_suzhen
Depths:1: serial_bayou_pond_a, hangedman_tar_grid_catacomb,
          hangedman_decor_points, nicolae_blasting_shop,
          roderic_lattice_octagonal_star, serial_bayou_shore_b
Depths:2: kennysheep_bubble_arena, hellmouth_1, minmay_misc_feat_diagonals,
          pan_entry, basic_stair_grate_trap, infiniplex_staircase_door_maze
Depths:3: hangedman_crystal_crosses_colossus, hell_entry, pan_entry
IceCv:    ice_cave_statue_garden_teleport
WizLab:   wizlab_cloud

Skill      XL: |  1  2  3  4  5  6  7  8  9 10 11 12 13 14 15 16 17 18 19 20 21 22 23 |
---------------+----------------------------------------------------------------------+-----
Bows           | 6 7 8 9 10 13 14 16 17 19 21 23 25 26 27 | 27.0
Fighting       | 3 5 6 8 10 11 13 14 | 14.0
Armour         | 1 2 4 5 6 8 10 | 10.2
Invocations    | 1 2 4 5 6 7 8 |  8.9
Dodging        | 2 3 4 5 6 |  6.3
Stealth        | 1 2 3 |  3.9
Summonings     | 1 2 5 7 8 10 11 12 | 12.1
Spellcasting   | 1 2 3 6 8 9 10 11 12 13 | 13.9
Translocations | 3 7 9 10 11 12 13 14 15 | 15.5
Air Magic      | 1 2 |  2.2
Evocations     | 1 4 6 8 9 10 11 | 11.6
Charms         | 1 2 |  2.5

Action                   |  1- 3 |  4- 6 |  7- 9 | 10-12 | 13-15 | 16-18 | 19-21 | 22-24 || total
-------------------------+-------+-------+-------+-------+-------+-------+-------+-------++-------
Melee: Short sword       |    92 |   113 |   118 |       |       |       |       |       ||   323
       Kick              |    17 |    39 |    48 |     6 |     4 |     5 |     8 |     9 ||   136
       Trident           |       |    11 |    55 |       |       |       |       |       ||    66
       Flail             |       |       |    14 |     9 |       |       |       |       ||    23
       Hand axe          |       |       |     9 |       |       |       |       |       ||     9
       Scimitar          |       |       |       |     6 |       |       |       |       ||     6
       Falchion          |       |       |       |       |     5 |     7 |     7 |       ||    19
       Executioner's axe |       |       |       |       |       |       |       |    19 ||    19
 Fire: Shortbow          |    46 |    81 |   480 |   490 |       |    21 |       |   231 ||  1349
       Longbow           |       |       |       |   214 |  1102 |  1356 |  1723 |  1104 ||  5499
 Cast: Call Imp          |       |       |       |    12 |       |       |       |       ||    12
       Call Canine Famil |       |       |       |     5 |       |     2 |       |     1 ||     8
       Repel Missiles    |       |       |       |       |     6 |    12 |     9 |     4 ||    31
       Portal Projectile |       |       |       |       |    22 |   217 |   193 |   128 ||   560
       Passage of Golubr |       |       |       |       |       |       |       |     4 ||     4
       Malign Gateway    |       |       |       |       |       |       |       |     1 ||     1
Invok: Heroism           |       |       |     1 |     7 |     6 |     1 |       |       ||    15
       Finesse           |       |       |       |       |     3 |     9 |     3 |    13 ||    28
Evoke: Lightning rod     |       |       |       |     2 |     2 |     4 |     4 |     2 ||    14
       Phial of floods   |       |       |       |       |     1 |     1 |       |     2 ||     4
       Wand              |       |       |       |       |       |     7 |       |       ||     7
       Lamp of fire      |       |       |       |       |       |     1 |     2 |     1 ||     4
       Fan of gales      |       |       |       |       |       |     1 |       |     1 ||     2
       Box of beasts     |       |       |       |       |       |       |       |     2 ||     2
  Use: Scroll            |       |       |    16 |     8 |    26 |     7 |    16 |    13 ||    86
       Potion            |       |       |       |     1 |     1 |     2 |       |     3 ||     7
  Eat: Chunk             |     2 |     4 |    13 |    17 |    22 |    34 |    23 |    10 ||   125
       Pizza             |       |       |       |       |     4 |     7 |     3 |     5 ||    19
       Meat ration       |       |       |       |       |     1 |       |     2 |     1 ||     4
       Bread ration      |       |       |       |       |     1 |       |       |       ||     1
       Fruit             |       |       |       |       |       |     2 |     1 |     6 ||     9
       Royal jelly       |       |       |       |       |       |     1 |     1 |       ||     2
       Beef jerky        |       |       |       |       |       |       |     2 |       ||     2
Armor: Leather armour    |    16 |       |       |       |       |       |       |       ||    16
       Chain mail        |    24 |    89 |   113 |       |       |    24 |   213 |   372 ||   835
       Robe              |       |       |    19 |    63 |    83 |   103 |       |       ||   268
Dodge: Dodged            |    24 |    30 |    81 |    92 |   130 |   164 |   189 |   194 ||   904
       Deflected         |       |       |       |       |    12 |    34 |    42 |    15 ||   103
Block: Other             |     3 |    24 |    30 |    33 |    25 |       |       |       ||   115
       Reflection        |       |       |       |       |     4 |       |       |       ||     4
       Rpst.: Falchion   |       |       |       |       |       |     1 |     3 |       ||     4
